 Dungeon Crawl Stone Soup version 0.31.0-11-ge490571c62 (webtiles) character file.

Game seed: 6732133366502153359

107 Gadfly the Insei (level 4, -1/35 HPs)
             Began as a Demonspawn Monk on Feb 1, 2024.
             Slain by Pikel
             ... wielding a +0 whip of flaming
              (2 damage)
             ... on level 4 of the Dungeon.
             The game lasted 00:03:43 (2610 turns).

Gadfly the Insei (Demonspawn Monk)                  Turns: 2610, Time: 00:03:44

Health: -1/35      AC:  2    Str: 13      XL:     4   Next: 56%
Magic:  0/5        EV: 13    Int:  9 (11) God:
Gold:   27         SH:  0    Dex: 19 (21) Spells: 1/3 levels left

rFire   . .          .
                       - Unarmed
rCold   . . .        (no shield)
rNeg    . . .        a - +0 robe
rPois   .            (no helmet)
rElec   .            (no cloak)
rCorr   .            (no gloves)
SInv    .            (no boots)
Will    .....        g - amulet of guardian spirit
Stlth   ++           f - +6 ring of dexterity
HPRegen 0.25/turn    j - ring of wizardry
MPRegen 0.09/turn

%: guardian spirit, wizardry (x1)
@: no status effects
A: claws 2
a: no special abilities


You were on level 4 of the Dungeon.
You visited 1 branch of the dungeon, and saw 4 of its levels.

You collected 120 gold pieces.
You spent 93 gold pieces at shops.

Inventory:

Armour
 a - a +0 robe (worn)
 c - an orb of light
Jewellery
 f - a +6 ring of dexterity (left claw)
 g - an amulet of guardian spirit (around neck)
 j - a ring of wizardry (right claw)
Wands
 e - a wand of charming (5)
Scrolls
 d - a scroll of fear
 k - a scroll of enchant weapon
 m - a scroll of enchant armour {unknown}
Potions
 h - a potion of mutation {unknown}
 i - a potion of heal wounds {unknown}
 l - a potion of lignification {unknown}


   Skills:
 - Level 3.0 Fighting
 + Level 3.0 Dodging
 * Level 3.3 Unarmed Combat
 * Level 2.4 Invocations
 * Level 1.8 Evocations
 * Level 1.3 Shapeshifting


You had one spell level left.
You knew the following spells:

 Your Spells              Type           Power      Damage    Failure   Level
a - Blink                 Tloc           0%         N/A       24%         2

Your spell library contained the following spells:

 Spells                   Type           Power      Damage    Failure   Level
 Magic Dart               Conj           0%         1d3       16%         1
 Call Imp                 Summ           0%         N/A       24%         2
 Sublimation of Blood     Necr           0%         N/A       24%         2
 Summon Ice Beast         Ice/Summ       0%         N/A       43%         3
 Summon Mana Viper        Hex/Summ       0%         N/A       98%         5
 Monstrous Menagerie      Summ           0%         N/A       100%        7
 Summon Hydra             Summ           0%         N/A       100%        7


Dungeon Overview and Level Annotations

Branches:
Dungeon (4/15)
 Temple: D:4-7

Altars:

Shops:
D:4 *

Annotations:
D:4 Pikel


Innate Abilities, Weirdness & Mutations

You have very sharp fingernails.


Message History

Pikel closely misses you.
You closely miss Pikel.
Pikel is moderately wounded.
Pikel misses you.
You barely miss Pikel.
Pikel is moderately wounded.
Pikel hits you with a +0 whip of flaming.
Pikel burns you.
You feel less invigorated.
You feel less confused. Pikel closely misses you.
Pikel hits you with a +0 whip of flaming!
Pikel burns you.
You scratch Pikel.
Pikel is moderately wounded.
Pikel closely misses you.
You claw Pikel!
Pikel is heavily wounded.
Pikel says, "You'll feel the lick of my whip!"
Pikel misses you.
You scratch Pikel.
Pikel is heavily wounded.
Pikel completely misses you.
You barely miss Pikel.
Pikel is heavily wounded.
Pikel hits you with a +0 whip of flaming.
Pikel burns you.
You scratch Pikel but do no damage.
Pikel is heavily wounded.
Pikel hits you with a +0 whip of flaming!
* * * LOW HITPOINT WARNING * * *
Pikel burns you.
* * * LOW HITPOINT WARNING * * *
You claw Pikel!
Pikel is severely wounded.
Pikel hits you with a +0 whip of flaming.
* * * LOW HITPOINT WARNING * * *
Pikel burns you.
You die...
Pikel says, "See you in Hell!"

#.# #.## #..####.#
##......# #..#####
#..# ##.## #..####
#...@.# ####K.#
####..# #. #.....##
#.# #.###..#####.###
## #.###..........#
.# #........###.#.#.
.#
####.........#.#.##.#
#.###.......#....#


You could see Pikel.

Vanquished Creatures
  A hound (D:3)
  3 adders
  A dart slug (D:2)
  2 ribbon worms
  2 ball pythons
  5 endoplasms
  2 giant cockroaches (D:2)
  4 goblins
  5 hobgoblins
  2 jackals (D:3)
  2 kobolds
  A quokka (D:1)
  3 bats
  2 frilled lizards
  6 rats
41 creatures vanquished.

Vanquished Creatures (collateral kills)
  A giant cockroach (D:4)
1 creature vanquished.

Grand Total: 42 creatures vanquished

Notes
Turn   | Place    | Note
-------+----------+-------------------------------------------
     0 | D:1      | Gadfly the Demonspawn Monk began the quest for the Orb.
     0 | D:1      | Reached XP level 1. HP: 18/18 MP: 1/1
   131 | D:1      | Reached skill level 1 in Invocations
   131 | D:1      | Gained mutation: You have sharp fingernails. [demonic
                  | ancestry]
   131 | D:1      | Reached XP level 2. HP: 15/24 MP: 2/2
   622 | D:2      | Reached skill level 1 in Evocations
   902 | D:2      | Reached XP level 3. HP: 26/29 MP: 4/4
  1024 | D:2      | Found a faded altar of an unknown god.
  1426 | D:3      | Reached skill level 1 in Shapeshifting
  1595 | D:3      | Learned a level 2 spell: Blink
  1683 | D:3      | Gained mutation: You have very sharp fingernails. [demonic
                  | ancestry]
  1683 | D:3      | Reached XP level 4. HP: 35/35 MP: 5/5
  2245 | D:4      | Found Cuk Uminoto's Assorted Antiques.
  2370 | D:4      | Bought a scroll labelled GODIPPUYPH for 24 gold pieces
  2370 | D:4      | Bought a glowing coppery potion for 21 gold pieces
  2370 | D:4      | Bought a scroll labelled GODIPPUYPH for 24 gold pieces
  2371 | D:4      | Bought a scroll labelled IMUXUURE GIAMAC for 24 gold pieces
  2528 | D:4      | Noticed a lemure
  2528 | D:4      | Noticed a lemure
  2544 | D:4      | Noticed Pikel
  2547 | D:4      | Noticed a lemure
  2610 | D:4      | HP: 1/35 [Pikel/+0 whip of flaming (4)]
  2610 | D:4      | Slain by Pikel

Illustrated notes

Levels and vault maps discovered:
D:1:      minmay_arrival_four_houses, layout_rooms
D:2:      layout_loops_cross, basic_ecumenical_altar
D:3:      layout_loops_ring, serial_park_tiny_2
D:4:      layout_basic, nicolae_stop_n_shop_2, uniq_pikel, uniq_natasha

Skill      XL: |  1  2  3  4 |
---------------+-------------+-----
Invocations    | 1 2 |  2.4
Evocations     | 1 |  1.8
Unarmed Combat | 3 |  3.3
Shapeshifting  | 1 |  1.3
Dodging        | 3 |  3.0
Fighting       | |  3.0

Action                     |  1- 3 |  4- 6 || total
---------------------------+-------+-------++-------
  Melee: Unarmed           |   103 |    62 ||   165
  Evoke: Wand              |       |     1 ||     1
    Use: Scroll            |     3 |     3 ||     6
         Potion            |     1 |     1 ||     2
   Stab: Sleeping          |     1 |     1 ||     2
         Distracted        |     1 |       ||     1
 Armour: Robe              |    54 |    36 ||    90
  Dodge: Dodged            |    63 |    42 ||   105
